 Dungeon Crawl Stone Soup version 0.30-a0-585-g93115170b9 (webtiles) character file.

Game seed: 16199287030454360352

175 OTABOTABOTAB the Conjurer (level 5, 0/28 HPs)
             Began as a Deep Elf Conjurer on Jan 2, 2023.
             Was an Initiate of Sif Muna.
             Slain by Duvessa
             ... wielding a +0 short sword
              (7 damage)
             ... on level 4 of the Dungeon.
             The game lasted 00:05:05 (3285 turns).

OTABOTABOTAB the Conjurer (Deep Elf Conjurer)       Turns: 3285, Time: 00:05:06

Health: 0/28       AC:  2    Str:  4    XL:     5   Next: 29%
Magic:  28/32      EV: 12    Int: 25    God:    Sif Muna [......]
Gold:   183        SH:  0    Dex: 13    Spells: 2/13 levels left

rFire   . . .      SeeInvis .    d - +0 dagger
rCold   . . .      Faith    .    (no shield)
rNeg    . . .      Spirit   .    a - +0 robe
rPois   .          Reflect  .    (no helmet)
rElec   .          Harm     .    (no cloak)
rCorr   .          Rampage  .    (no gloves)
Will    .....                    (no boots)
Stlth   ++                       q - amulet of magic regeneration
HPRegen 0.24/turn                m - ring of magical power {MP+9}
MPRegen 0.63/turn                n - ring of magical power {MP+9}

@: no status effects
A: no striking features
a: Renounce Religion


You were on level 4 of the Dungeon.
You worshipped Sif Muna.
Sif Muna was noncommittal.
You visited 2 branches of the dungeon, and saw 5 of its levels.

You collected 183 gold pieces.

Inventory:

Hand Weapons
 d - a +0 dagger (weapon)
   (You found it on level 1 of the Dungeon)
 j - a +0 hand axe
   (You found it on level 1 of the Dungeon)
Missiles
 g - 2 poisoned darts
 s - 46 stones
 v - 2 boomerangs
Armour
 a - a +0 robe (worn)
 w - a +0 cloak
   (You found it on level 3 of the Dungeon)
Jewellery
 m - a ring of magical power (left hand) {MP+9}
   (You found it on level 2 of the Dungeon)
 n - a ring of magical power (right hand) {MP+9}
   (You found it on level 2 of the Dungeon)
 q - an amulet of magic regeneration (around neck)
   (You found it on level 3 of the Dungeon)
 t - an amulet of faith
   (You found it on level 3 of the Dungeon)
 x - a +6 ring of dexterity
   (You found it on level 4 of the Dungeon)
 y - an amulet of regeneration
   (You found it on level 4 of the Dungeon)
Scrolls
 b - 4 scrolls of identify {unknown}
 h - 3 scrolls of teleportation {unknown}
 i - a scroll of acquirement {unknown}
 l - 2 scrolls of fog {unknown}
 p - 2 scrolls of amnesia {unknown}
 r - 2 scrolls of blinking {unknown}
 u - a scroll of enchant weapon {unknown}
Potions
 e - a potion of brilliance {unknown}
 f - a potion of attraction {unknown}
 k - a potion of haste {unknown}
 o - a potion of might {unknown}
 J - 3 potions of curing {@q1}
 M - a potion of magic


   Skills:
 - Level 2.4 Dodging
 - Level 2.4 Stealth
 + Level 4.7 Spellcasting
 * Level 6.3 Conjurations
 + Level 0.0 Hexes
 + Level 0.0 Translocations
 + Level 1.4 Invocations


You had 2 spell levels left.
You knew the following spells:

 Your Spells              Type           Power      Damage    Failure   Level
a - Magic Dart            Conj           100%       1d8       1%          1
b - Searing Ray           Conj           74%        2d7       1%          2
c - Fulminant Prism       Conj/Hex       10%        3d9       22%         4
x - Iskenderun's Mystic   Conj/Tloc      21%        2d6       22%         4

Your spell library contained the following spells:

 Spells                   Type           Power      Damage    Failure   Level
 Call Imp                 Summ           5%         N/A       13%         2
 Cigotuvi's Dreadful Rot  Necr/Pois/Air  10%        N/A       13%         2
 Poisonous Vapours        Pois/Air       10%        N/A       13%         2
 Dazzling Flash           Conj/Hex       42%        N/A       7%          3
 Mephitic Cloud           Conj/Pois/Air  16%        N/A       11%         3


Dungeon Overview and Level Annotations

Branches:
Dungeon (4/15)             Temple (1/1) D:4

Altars:
Ashenzari
Cheibriados
Dithmenos
Fedhas
Gozag
Hepliaklqana
Makhleb
Nemelex Xobeh
Ru
Sif Muna
Trog
Uskayaw
Wu Jian
Xom
Yredelemnul
Zin

Annotations:
D:4 Dowan, Duvessa


Message History

The searing ray hits the orc wizard!
The searing ray hits the orc priest.
The orc wizard points at you and mumbles some strange words.
You are confused.
You now have 27/30 mp.
The orc wizard casts a spell at you.
You are more confused.
It was a potion of curing.
You feel better.
J - 4 potions of curing The orc wizard points at you and mumbles some strange words.
The puff of flame hits you!
You take 10 damage, and have 13/24 hp.
MASSIVE DAMAGE!!
The searing ray hits the orc wizard!
You kill the orc wizard!
Sif Muna accepts your kill.
The searing ray hits the orc!
You kill the orc!
Sif Muna accepts your kill. (Press . to maintain the ray.)
Your Invocations skill increases to level 1!
You have reached level 5!
You regained 3 hp, and now have 16/28 hp.
You now have 27/31 mp.
The searing ray hits the orc priest.
The searing ray hits the orc priest.
You now have 26/31 mp.
The searing ray hits the orc priest.
You finish channelling your searing ray.
The orc priest misses you.
The searing ray hits the orc priest!
You kill the orc priest!
Sif Muna accepts your kill. (Press . to maintain the ray.)
You now have 25/32 mp.
This spell is extremely dangerous to cast!
Memorise Fulminant Prism, consuming 4 spell levels and leaving 6?
You start memorising the spell.
You continue memorising. x4
You finish memorising.
Spell assigned to 'c'.
You regained 3 mp, and now have 28/32 mp.
This spell is extremely dangerous to cast!
Memorise Iskenderun's Mystic Blast, consuming 4 spell levels and leaving 2?
You start memorising the spell.
You continue memorising. x4
You finish memorising.
Spell assigned to 'x'.
You regained 3 mp, and now have 31/32 mp.
Items here: )) [[ †.
Things that are here:
a +0 club; a +0 leather armour
There is an open door here.
You now have 183 gold pieces (gained 12).
Dowan, Brother of Duvessa comes into view.
He is wielding a +0 dagger.
Health restored: 28; MP restored: 32 Unknown command.
Unknown command.
The magic dart hits Dowan.
Dowan shouts!
The magic dart hits Dowan but does no damage.
Dowan says, "Magic and the sword, together, will defeat you."
You now have 31/32 mp.
Duvessa, Sister of Dowan comes into view.
She is wielding a +0 short sword and carrying a wand of light (8).
Dowan gestures at you while chanting. The puff of frost hits you!
Duvessa zaps a wand.
The bolt of light misses you.
You take 10 damage, and have 18/28 hp.
MASSIVE DAMAGE!!
MP restored: 32 Dowan gestures at something while chanting.
Duvessa zaps a wand.
The bolt of light hits you!
You are confused.
Ouch! That really hurt!
* * * LOW HITPOINT WARNING * * *
You take 15 damage, and have 4/28 hp.
MASSIVE DAMAGE!!
You feel better.
You regained 10 hp, and now have 14/28 hp.
Duvessa says, "I don't care about looks, I care about technique!"
The searing ray hits Duvessa. (Press . to maintain the ray.) Duvessa zaps a wand.
The bolt of light hits you!
* * * LOW HITPOINT WARNING * * *
You take 9 damage, and have 6/28 hp.
MASSIVE DAMAGE!!
You now have 31/32 mp.
You aren't carrying any items that you can evoke.
Unknown command.
The searing ray hits Duvessa.
Duvessa barely misses you.
You now have 30/32 mp.
The searing ray hits Duvessa!
Duvessa closely misses you.
The searing ray hits Duvessa!
You finish channelling your searing ray.
Duvessa completely misses you. Duvessa barely misses you.
You now have 29/32 mp.
Aim: Dowan, wielding a +0 dagger and wearing a +0 robe (73% to hit)
The searing ray misses Duvessa.
The searing ray hits Dowan. (Press . to maintain the ray.) Dowan casts a spell.
Dowan blinks!
Duvessa hits you with a +0 short sword!
You die...

#.....##....... #.....##.......
#.....#...####. #........## #..
######.#.####.# #.. #..#.......
#.. ##.######.## #...
##########..# #... #.e.
#..e@......## ##.# +..e.
####§#####.#.## #.# #....#
#....###..<#.# ###.#
#.....###....##....#.# ###'#
#.......e............########⌠.⌠
########.......#.#..........'.>.
#.......#........#####⌠.⌠
##......##.......# #####
#...>..##.......# ###.#


You could see Duvessa (fast).

Vanquished Creatures
  An orc priest (D:4)
  A hound (D:4)
  An orc wizard (D:4)
  3 adders
  A worm (D:2)
  2 dart slugs
  2 orcs
  2 bats
  7 endoplasms
  3 giant cockroaches (D:1)
  5 goblins
  6 hobgoblins
  4 jackals (D:3)
  A quokka (D:1)
  2 ball pythons (D:1)
  6 kobolds
  3 rats
50 creatures vanquished.

Notes
Turn   | Place    | Note
-------+----------+-------------------------------------------
     0 | D:1      | OTABOTABOTAB the Deep Elf Conjurer began the quest for the
                  | Orb.
     0 | D:1      | Reached XP level 1. HP: 10/10 MP: 6/6
   328 | D:1      | Reached XP level 2. HP: 15/15 MP: 5/8
   331 | D:1      | Learned a level 2 spell: Searing Ray
   878 | D:2      | Reached skill level 5 in Conjurations
  1507 | D:2      | Reached XP level 3. HP: 19/19 MP: 10/10
  2037 | D:3      | Reached skill level 4 in Spellcasting
  2741 | D:4      | Reached XP level 4. HP: 24/24 MP: 12/12
  2800 | D:4      | Found a staircase to the Ecumenical Temple.
  2805 | Temple   | Entered the Ecumenical Temple
  2929 | Temple   | Became a worshipper of Sif Muna the Loreminder
  3143 | D:4      | Reached skill level 6 in Conjurations
  3156 | D:4      | Reached skill level 1 in Invocations
  3156 | D:4      | Reached XP level 5. HP: 16/28 MP: 13/13
  3165 | D:4      | Learned a level 4 spell: Fulminant Prism
  3170 | D:4      | Learned a level 4 spell: Iskenderun's Mystic Blast
  3267 | D:4      | Noticed Dowan
  3270 | D:4      | Noticed Duvessa
  3276 | D:4      | HP: 4/28 [Duvessa/bolt of light (16)]
  3281 | D:4      | HP: 6/28 [Duvessa/bolt of light (9)]
  3285 | D:4      | Slain by Duvessa

Illustrated notes

Levels and vault maps discovered:
D:1:      dpeg_arrival_three_smaller_balls, layout_basic,
          minmay_misc_feat_columns
D:2:      layout_basic
D:3:      kennysheep_big_flooded_room, layout_basic
D:4:      layout_basic, temple_doors_e, st_stairs_7, minmay_pentangle,
          uniq_duvessa
Temple:   nicolae_temple_superstar

Skill      XL: |  1  2  3  4 |
---------------+-------------+-----
Conjurations   | 5 6 |  6.3
Spellcasting   | 4 |  4.7
Invocations    | 1 |  1.4
Dodging        | |  2.4
Stealth        | |  2.4

Action                   |  1- 3 |  4- 6 || total
-------------------------+-------+-------++-------
Melee: Dagger            |     5 |       ||     5
 Cast: Magic Dart        |    83 |    10 ||    93
       Searing Ray       |     3 |     6 ||     9
  Use: Potion            |       |     2 ||     2
Armor: Robe              |     2 |       ||     2
Dodge: Dodged            |    12 |     6 ||    18

Table legend: (Time is in decaauts)
 A = Elapsed time spent in this place.
 B = Non-inter-level travel time spent in this place.
 C = Inter-level travel time spent in this place.
 D = Time resting spent in this place.
 E = Time spent auto-exploring this place.
 F = Levels seen in this place.
 G = Mean time per level.
                   A        B        C        D        E       F      G
               +--------+--------+--------+--------+--------+-----+--------+
         Total |   3283 |   3211 |     72 |      0 |   2887 |   5 |  656.6 |
       Dungeon |   3146 |   3085 |     61 |      0 |   2814 |   4 |  786.5 |
        Temple |    136 |    125 |     11 |      0 |     73 |   1 |  136.0 |
               +--------+--------+--------+--------+--------+-----+--------+

Top non-repeatable levels by time:
     D:2: 1018 daAuts
     D:1: 848 daAuts
     D:3: 752 daAuts
     D:4: 526 daAuts
  Temple: 136 daAuts

Table legend:
 A = Kills in this place as a percentage of kills in entire the game.
 B = Kills by you in this place as a percentage of kills by you in the entire game.
 C = Kills by friends in this place as a percentage of kills by friends in the entire game.
 D = Other kills in this place as a percentage of other kills in the entire game.
 E = Experience gained in this place as a percentage of experience gained in the entire game.
 F = Experience gained in this place divided by the number of levels of this place that you have seen.
                   A       B       C       D       E      F
               +-------+-------+-------+-------+-------+----------------------
         Total | 100.0 | 100.0 |   N/A |   N/A | 100.0 |  50.0
       Dungeon | 100.0 | 100.0 |   N/A |   N/A | 100.0 |  62.5
               +-------+-------+-------+-------+-------+----------------------
